 Dungeon Crawl Stone Soup version 0.28.0-53-g5a82cb258f (webtiles) character file.

Game seed: 16291191040296503498

206 hawla the Sneak (level 5, 0/22 HPs)
             Began as a Felid Fire Elementalist on May 22, 2022.
             Killed by nerve-wracking pain
             ... invoked by Grinder
              (6 damage)
             ... on level 4 of the Dungeon.
             The game lasted 00:10:56 (5676 turns).

hawla the Sneak (Felid Fire Elementalist)           Turns: 5676, Time: 00:10:58

Health: 0/22       AC:  2    Str:  4    XL:     5   Next: 53%
Magic:  3/9        EV: 18    Int: 18    God:
Gold:   143        SH:  0    Dex: 17    Spells: 1/8 levels left
                                        Lives:  0   Deaths: 1

rFire   . . .      SeeInvis +     - Unarmed
rCold   . . .      Faith    .   (shield unavailable)
rNeg    + . .      Spirit   .   (armour unavailable)
rPois   .          Reflect  .   (helmet unavailable)
rElec   .          Harm     .   (cloak unavailable)
rCorr   .          Rampage  .   (gloves unavailable)
Will    .....                   (boots unavailable)
Stlth   +++.......              b - amulet of magic regeneration
HPRegen 0.07/turn               e - ring of positive energy
MPRegen 0.51/turn               f - ring of flight

@: flying, quick
A: very small, claws 1, fangs 3, see invisible, speed 1, shaggy fur 2, stealthy
paws, no weapons or thrown items, no armour, multi-lived
a: no special abilities


You were on level 4 of the Dungeon.
You visited 1 branch of the dungeon, and saw 4 of its levels.

You collected 143 gold pieces.

Inventory:

Jewellery
 b - an amulet of magic regeneration (around neck)
 e - a ring of positive energy (left paw)
 f - a ring of flight (right paw)
Scrolls
 c - a scroll of identify
 i - a scroll of teleportation {unknown}
Potions
 a - 2 potions of brilliance
 g - a potion of cancellation
 h - a potion of might {unknown}


   Skills:
 + Level 1.5 Fighting
 + Level 3.6 Dodging
 - Level 4.3 Stealth
 + Level 2.0 Unarmed Combat
 - Level 2.4 Spellcasting
 * Level 2.5 Conjurations
 + Level 4.2 Fire Magic


You had one spell level left.
You knew the following spells:

 Your Spells              Type           Power      Damage    Failure   Level
a - Foxfire               Conj/Fire      56%        2x1d6     4%          1
b - Scorch                Fire           34%        2d6       4%          2
c - Flame Wave            Conj/Fire      14%        2d6       38%         4

Your spell library contained the following spells:

 Spells                   Type           Power      Damage    Failure   Level
 Conjure Flame            Conj/Fire      14%        6-21      13%         3
 Inner Flame              Hex/Fire       9%         N/A       22%         3
 Corpse Rot               Necr/Air       4%         N/A       26%         2
 Poisonous Vapours        Pois/Air       4%         N/A       26%         2
 Cause Fear               Hex            1%         N/A       86%         4
 Discord                  Hex            1%         N/A       100%        8


Dungeon Overview and Level Annotations

Branches:
Dungeon (4/15)
 Temple: D:4-7

Altars:
Xom

Annotations:
D:1 dig the monsters
D:3 3 runed translucent doors, Tiocfaidh's ghost, amateur OpAr
D:4 Grinder


Innate Abilities, Weirdness & Mutations

You have sharp claws.
You have razor-sharp teeth.
You have supernaturally acute eyesight. (SInv)
You cover ground quickly. (Speed+)
You are covered in thick fur. (AC +2)
Your paws help you pounce on unaware monsters.
You are incapable of wielding weapons or throwing items.
You cannot wear armour.
You gain extra lives every three experience levels.


Message History

There is an open door here.
Casting: Foxfire (safe; 4% risk of failure)
Confirm with . or Enter, or press ? or * to list all spells.
You conjure some foxfire!
Grinder shouts!
Casting: Foxfire (safe; 4% risk of failure)
Confirm with . or Enter, or press ? or * to list all spells.
Flames lash Grinder.
Grinder is moderately wounded.
Grinder's fire resistance burns away.
You hear an angry hiss.
The foxfire hits Grinder.
Grinder is moderately wounded.
The foxfire hits Grinder.
Grinder is moderately wounded.
An adder comes into view.
Grinder hits you!
You writhe in agony.
Casting: Scorch (safe; 4% risk of failure)
Confirm with . or Enter, or press ? or * to list all spells.
Flames lash Grinder.
Grinder is burned terribly!
Grinder is heavily wounded.
Grinder gestures at you. Pain shoots through your body!
* * * LOW HITPOINT WARNING * * *
You feel better. Grinder hits you.
You writhe in agony.
* * * LOW HITPOINT WARNING * * *
A kobold comes into view. It is wielding a +0 dagger.
Casting: Scorch (safe; 4% risk of failure)
Confirm with . or Enter, or press ? or * to list all spells.
Flames lash the kobold.
You kill the kobold!
Grinder misses you.
Unknown command.
Casting: Scorch (safe; 4% risk of failure)
Confirm with . or Enter, or press ? or * to list all spells.
Flames lash Grinder.
Grinder is burned terribly!
Grinder is almost dead.
Grinder gestures at you. Pain shoots through your body!
You die...

................'.....#
#.....#
................#.....#
#.....#
..##.##########'#.....#
#.....# .. #+#
..............# #...... .
..............##########.
.
.........)....#...#....#.
.........######...#....#.
........5#........#....#.
......S.@#........#....#.
.........'........#....#.
.........##..#########.#.
####'#####..###..####.##
#.......#....#......#...
#.......#....#......#...
#.......#....#......#...
#.......#....#......#...
#. #...###'###..####..#


You could see Grinder (combustible) and an adder.

Vanquished Creatures
  An ogre (D:3)
  An orc priest (D:4)
  Jessica (D:3)
  A hound skeleton (D:4)
  Robin (D:2)
  4 gnolls
  5 adders
  A worm (D:2)
  4 dart slugs
  3 orcs
  7 endoplasms
  2 giant cockroaches
  14 goblins
  11 hobgoblins
  12 jackals
  2 quokkas
  5 ball pythons
  6 bats
  5 frilled lizards
  6 kobolds
  4 rats
96 creatures vanquished.

Vanquished Creatures (others)
  A demonspawn (D:1)
  A draconian (D:1)
  A gargoyle (D:1)
  A formicid (D:1)
  A spriggan (D:1)
  A vampire (D:1)
  A demigod (D:1)
  2 dwarves (D:1)
  2 ogres (D:1)
  A felid (D:1)
  109 foxfires
  A fungus (D:3)
  3 plants (D:3)
  9 tentacles (D:1)
134 creatures vanquished.

Grand Total: 230 creatures vanquished

Notes
Turn   | Place    | Note
-------+----------+-------------------------------------------
     0 | D:1      | hawla the Felid Fire Elementalist began the quest for the
                  | Orb.
     0 | D:1      | Reached XP level 1. HP: 7/7 MP: 4/4
     0 | D:1      | Noticed a formicid
     0 | D:1      | Noticed a vampire
     0 | D:1      | Noticed a dwarf
     0 | D:1      | Noticed a gargoyle
     0 | D:1      | Noticed a felid
     0 | D:1      | Noticed an ogre
     0 | D:1      | Noticed a spriggan
     0 | D:1      | Noticed a kraken
     0 | D:1      | Noticed a dwarf
     0 | D:1      | Noticed a demigod
     0 | D:1      | Noticed a demonspawn
     0 | D:1      | Noticed a draconian
     0 | D:1      | Noticed an ogre
     3 | D:1      | Killed a felid
     5 | D:1      | Killed a gargoyle
     5 | D:1      | Killed a demigod
     5 | D:1      | Killed a demonspawn
     8 | D:1      | Killed a vampire
    12 | D:1      | Killed a formicid
    12 | D:1      | Killed a dwarf
    12 | D:1      | Killed a spriggan
    13 | D:1      | Killed an ogre
    14 | D:1      | Killed a dwarf
    15 | D:1      | Killed an ogre
    17 | D:1      | Killed a draconian
   187 | D:1      | Reached skill level 1 in Conjurations
   449 | D:1      | Reached XP level 2. HP: 8/11 MP: 6/6
   454 | D:1      | Learned a level 2 spell: Scorch
  1277 | D:1      | Found a faded altar of an unknown god.
  1543 | D:2      | Reached XP level 3. HP: 14/14 MP: 1/7
  1778 | D:2      | Noticed Robin
  1788 | D:2      | Killed Robin
  1862 | D:2      | Reached XP level 4. HP: 11/18 MP: 1/8
  2929 | D:2      | Found a shimmering altar of Xom.
  3572 | D:3      | Noticed Jessica
  3578 | D:3      | Killed Jessica
  3579 | D:3      | Reached skill level 1 in Fighting
  3579 | D:3      | Reached skill level 1 in Unarmed Combat
  3954 | D:3      | Learned a level 4 spell: Flame Wave
  4069 | D:3      | Noticed an ogre
  4076 | D:3      | Killed an ogre
  4077 | D:3      | Reached XP level 5. HP: 22/22 MP: 2/9
  4764 | D:3      | Found a runed translucent gate.
  4765 | D:3      | Found a runed translucent gate.
  4766 | D:3      | Found a runed translucent gate.
  4766 | D:3      | Noticed Tiocfaidh's ghost (amateur OpAr)
  4909 | D:3      | Gained mutation: You are covered in thick fur. (AC +2)
                  | [Felid growth]
  4909 | D:3      | Reached XP level 6. HP: 23/25 MP: 0/10
  5135 | D:4      | Noticed Grinder
  5141 | D:4      | Paralysed by Grinder for 6 turns
  5145 | D:4      | HP: 1/25 [Grinder (7)]
  5145 | D:4      | Slain by Grinder
  5146 | D:4      | Reached XP level 5. HP: 0/22 MP: 5/9
  5676 | D:4      | Killed from afar by Grinder

Illustrated notes

Levels and vault maps discovered:
D:1:      nicolae_arrival_kraken_aquarium_a, layout_loops_ring,
          dreamdust_ecumenical_altar_statues, minmay_crystal_room
D:2:      minmay_chambers_of_ones, layout_loops_ring, basic_altar, uniq_robin
D:3:      layout_basic, gammafunk_ghost_nasty_kobolds, uniq_jessica
D:4:      layout_gridville, st_stairs_9, uniq_grinder

Skill      XL: |  1  2  3  4  5 |
---------------+----------------+-----
Conjurations   | 1 2 |  2.5
Fire Magic     | 3 4 |  4.2
Stealth        | 3 4 |  4.3
Dodging        | 3 |  3.6
Fighting       | 1 |  1.5
Unarmed Combat | 1 2 |  2.0
Spellcasting   | |  2.4

Action                   |  1- 3 |  4- 6 || total
-------------------------+-------+-------++-------
Melee: Unarmed           |    36 |    92 ||   128
       Bite              |     7 |    10 ||    17
       Punch             |     1 |     1 ||     2
 Cast: Foxfire           |    29 |    41 ||    70
       Scorch            |     5 |    33 ||    38
  Use: Scroll            |     2 |     5 ||     7
       Potion            |       |     2 ||     2
 Stab: Sleeping          |     5 |    10 ||    15
Armor: Skin              |     3 |     8 ||    11
Dodge: Dodged            |    29 |   107 ||   136
